 Dungeon Sprint DCSS version 0.31-a0-331-geda263fcf1 (webtiles) character file.

Game seed: 13191186029342167169

536896 HallandMoats the End of an Era (level 21, 163/163 HPs)
             Began as a Gargoyle Monk on July 19, 2023.
             Was the Champion of Qazlal.
             Escaped with the Orb!
             The game lasted 00:46:42 (14613 turns).

HallandMoats the End of an Era (Gargoyle Monk)     Turns: 14613, Time: 00:46:42

Health: 163/163    AC: 57    Str: 33    XL:     21   Next: 27%
Magic:  38/38      EV: 15    Int: 21    God:    Qazlal [******]
Gold:   0          SH: 44    Dex: 15    Spells: 27/27 levels left

rFire   + + .        u - +16 obsidian axe {drain, demonic, Mesm Drain Fly SInv}
rCold   + + +        v - +18 shield of the Gong {Loud rN+ Will+ rCorr EV-5}
rNeg    + + +        a - +5 gold dragon scales
rPois   ∞            Q - +3 crown of Dyrovepreva {rElec Int+2 SInv}
rElec   +            z - scarf "Jymam" {shadows, Will+ SInv}
rCorr   +            J - +0 pair of gloves {Dex+3}
SInv    +            A - +2 pair of boots of Gallantry {rCorr Int+2}
Will    +++++        I - necklace of Bloodlust {Fury *Rage Will++ Int-3 Slay+6}
Stlth   +            l - ring of Nalluav {rF+ rC++ rN+ Int+6}
HPRegen 0.47/turn    F - ring "Izel" {Contam rC+ Str+7 Int+3}
MPRegen 0.26/turn

%: no teleportation, random rage (50%), repel missiles
@: flying, studying 3 skills
A: sickness immunity, AC +16, big wings, negative energy resistance 1,
electricity resistance, torment resistance 1, petrification resistance
0: Orb of Zot
a: Renounce Religion, Upheaval, Elemental Force, Disaster Area


You escaped.
You worshipped Qazlal.
Qazlal was exalted by your worship.
You visited 1 branch

Inventory:

Hand Weapons
 u - the +16 obsidian axe (weapon) {drain, demonic, Mesm Drain Fly SInv}
   (You found it in the Dungeon)

   Mesm:      Its wielder is mesmerised by any visible foes, and it cannot be
   unequipped while any foes are visible.
   SInv:      It lets you see invisible.
   Fly:       It grants you flight.
   Drain:     It drains your maximum health when unequipped.
 B - the +8 frozen axe "Frostbite" {freeze, freezing cloud, *Noise Fly rC+}
   (You found it in the Dungeon)

   rC:        It protects you from cold.
   Fly:       It grants you flight.
   *Noise:    It may make noises in combat.
 C - the +8 trishula "Condemnation" {holy, anguish, *Noise Fly rN+}
   (You found it in the Dungeon)

   rN:        It protects you from negative energy.
   Fly:       It grants you flight.
   *Noise:    It may make noises in combat.
 L - the +5 demon whip "Spellbinder" {antimagic, disrupt, Will+}
   (You found it in the Dungeon)

   Will:      It increases your willpower.
 M - the +7 lajatang of Order {silver, rMut}
   (You found it in the Dungeon)

   rMut:      It protects you from mutation.
 N - the +3 greatsling "Punk" {acid, rCorr}
   (You found it in the Dungeon)

   rCorr:     It protects you from acid and corrosion.
Missiles
 x - a throwing net
Armour
 a - +5 gold dragon scales (worn)
 v - the +18 shield of the Gong (worn) {Loud rN+ Will+ rCorr EV-5}
   (You found it in the Dungeon)

   Loud:      It is deafeningly noisy when blocking attacks.
   EV:        It affects your evasion (-5).
   rN:        It protects you from negative energy.
   rCorr:     It protects you from acid and corrosion.
   Will:      It increases your willpower.
 z - the scarf "Jymam" (worn) {shadows, Will+ SInv}
   (You found it in the Dungeon)

   SInv:      It lets you see invisible.
   Will:      It increases your willpower.
 A - the +2 pair of boots of Gallantry (worn) {rCorr Int+2}
   (You found it in the Dungeon)

   Int:       It affects your intelligence (+2).
   rCorr:     It protects you from acid and corrosion.
 J - a +0 pair of gloves of dexterity (worn)
 P - the +7 Kryia's mail coat {PotionHeal*2 rC+}
   (You found it in the Dungeon)

   PotionHeal*2: Potions heal its wearer twice as much.
   rC:        It protects you from cold.
 Q - the +3 crown of Dyrovepreva (worn) {rElec Int+2 SInv}
   (You found it in the Dungeon)

   Int:       It affects your intelligence (+2).
   rElec:     It insulates you from electricity.
   SInv:      It lets you see invisible.
Jewellery
 l - the ring of Nalluav (left hand) {rF+ rC++ rN+ Int+6}
   (You found it in the Dungeon)

   [ring of intelligence]

   Int:       It affects your intelligence (+6).
   rF:        It protects you from fire.
   rC:        It greatly protects you from cold.
   rN:        It protects you from negative energy.
 F - the ring "Izel" (right hand) {Contam rC+ Str+7 Int+3}
   (You took it off a vault guard in the Dungeon)

   [ring of protection from cold]

   Str:       It affects your strength (+7).
   Int:       It affects your intelligence (+3).
   rC:        It protects you from cold.
   Contam:    It causes magical contamination when unequipped.
 G - the amulet "Wyxtie" {Spirit Int+3}
   (You found it in the Dungeon)

   [amulet of guardian spirit]

   It causes incoming damage to be divided between your reserves of health and
   magic.
   Int:       It affects your intelligence (+3).
 I - the necklace of Bloodlust (around neck) {Fury *Rage Will++ Int-3 Slay+6}
   (You found it in the Dungeon)

   [amulet of nothing]

   Fury:      It extends the wearer's berserk rage when killing foes.
   Int:       It affects your intelligence (-3).
   Slay:      It affects your accuracy & damage with ranged weapons and melee
   (+6).
   *Rage:     It berserks you when you make melee attacks (+50% chance).
   Will:      It greatly increases your willpower.
 R - the ring of the Mage {Wiz Archmagi}
   (You found it in the Dungeon)

   [ring of wizardry]

   It improves your spell success rate.
   Archmagi:  It increases the power of your magical spells.
Talismans
 D - a dragon-blood talisman
Wands
 r - a wand of mindburst (31)
 s - a wand of iceblast (34)
 t - a wand of quicksilver (53)
 y - a wand of flame (83)
 E - a wand of digging (21)
 H - a wand of paralysis (31)
 K - a wand of polymorph (17)
Scrolls
 j - 4 scrolls of blinking
 n - 4 scrolls of amnesia
 o - 7 scrolls of fog
 p - 5 scrolls of identify
 q - 2 scrolls of fear
 w - 11 scrolls of brand weapon
 O - 4 scrolls of enchant weapon
Potions
 b - 2 potions of brilliance
 c - a potion of ambrosia
 d - 2 potions of invisibility
 e - 10 potions of curing
 f - 18 potions of heal wounds
 g - 18 potions of haste
 h - 6 potions of magic
 i - 3 potions of berserk rage
 k - 4 potions of resistance
 m - 7 potions of might


   Skills:
 O Level 27 Fighting
 O Level 27 Axes
 O Level 27 Armour
 O Level 27 Dodging
 O Level 27 Stealth
 O Level 27 Shields
 + Level 6.1 Unarmed Combat
 + Level 3.7 Spellcasting
 + Level 7.2 Earth Magic
 O Level 27 Invocations
 O Level 27 Shapeshifting


You had 27 spell levels left.
You didn't know any spells.
Your spell library contained the following spells:

 Spells                   Type           Power      Damage    Failure   Level
 Sandblast                Erth           68%        2d15      2%          1
 Stone Arrow              Conj/Erth      38%        3d9       36%         3
 Apportation              Tloc           6%         N/A       50%         1
 Foxfire                  Conj/Fire      12%        2x1d4     50%         1
 Freeze                   Ice            12%        1d3       50%         1
 Kiss of Death            Conj/Necr      12%        2d6       50%         1
 Magic Dart               Conj           12%        1d3       50%         1
 Necrotise                Necr           12%        1d4       50%         1
 Shock                    Conj/Air       12%        1d3       50%         1
 Sting                    Tmut/Pois      12%        1d3       50%         1
 Summon Small Mammal      Summ           12%        N/A       50%         1
 Lee's Rapid Deconstruct  Erth           17%        3d10*     61%         5
 Blink                    Tloc           6%         N/A       63%         2
 Call Imp                 Summ           6%         N/A       63%         2
 Ensorcelled Hibernation  Hex/Ice        6%         N/A       63%         2
 Momentum Strike          Conj/Tloc      6%         3d8       63%         2
 Poisonous Vapours        Pois/Air       6%         N/A       63%         2
 Scorch                   Fire           6%         2d5       63%         2
 Static Discharge         Conj/Air       6%         2-3/arc   63%         2
 Wereblood                Tmut           3%         N/A       63%         2
 Animate Armour           Summ/Erth      38%        N/A       77%         4
 Leda's Liquefaction      Hex/Erth       9%         N/A       77%         4
 Petrify                  Tmut/Erth      19%        N/A       77%         4
 Call Canine Familiar     Summ           3%         N/A       86%         3
 Confusing Touch          Hex            3%         N/A       86%         3
 Dazzling Flash           Conj/Hex       6%         N/A       86%         3
 Frozen Ramparts          Ice            6%         1d1       86%         3
 Gell's Gravitas          Tloc           3%         N/A       86%         3
 Hailstorm                Conj/Ice       3%         3d3       86%         3
 Ignite Poison            Fire/Tmut/Pois 3%         N/A       86%         3
 Inner Flame              Hex/Fire       3%         N/A       86%         3
 Mephitic Cloud           Conj/Pois/Air  3%         N/A       86%         3
 Ozocubu's Armour         Ice            3%         N/A       86%         3
 Portal Projectile        Hex/Tloc       6%         N/A       86%         3
 Summon Guardian Golem    Hex/Summ       3%         N/A       86%         3
 Swiftness                Air            3%         N/A       86%         3
 Teleport Other           Tloc           3%         N/A       86%         3
 Tukima's Dance           Hex            3%         N/A       86%         3
 Vampiric Draining        Necr           3%         2d6       86%         3
 Vhi's Electric Charge    Tloc/Air       6%         N/A       86%         3
 Volatile Blastmotes      Fire/Tloc      6%         2d10      86%         3
 Airstrike                Air            1%         2d(1-17)  99%         4
 Anguish                  Hex/Necr       1%         N/A       99%         4
 Cause Fear               Hex            1%         N/A       99%         4
 Dispel Undead            Necr           3%         3d7       99%         4
 Flame Wave               Conj/Fire      3%         2d5       99%         4
 Fulminant Prism          Conj/Hex       1%         3d5       99%         4
 Iskenderun's Mystic Bla  Conj/Tloc      3%         2d3       99%         4
 Manifold Assault         Tloc           3%         N/A       99%         4
 Passage of Golubria      Tloc           3%         N/A       99%         4
 Sticky Flame             Conj/Fire      3%         2d3       99%         4
 Summon Ice Beast         Ice/Summ       3%         N/A       99%         4
 Summon Lightning Spire   Summ/Air       3%         N/A       99%         4
 Agony                    Necr           3%         N/A       100%        5
 Alistair's Intoxication  Tmut/Pois      2%         N/A       100%        5
 Arcjolt                  Conj/Air       1%         1d11      100%        5
 Fireball                 Conj/Fire      1%         3d3       100%        5
 Freezing Cloud           Conj/Ice/Air   1%         6-21      100%        5
 Irradiate                Conj/Tmut      1%         3d12      100%        5
 Iskenderun's Battlesphe  Conj           3%         2d6       100%        5
 Metabolic Englaciation   Hex/Ice        1%         N/A       100%        5
 Silence                  Hex/Air        1%         N/A       100%        5
 Summon Forest            Summ/Tloc      1%         N/A       100%        5
 Summon Mana Viper        Hex/Summ       3%         N/A       100%        5
 Yara's Violent Unravell  Hex/Tmut       1%         3d3       100%        5
 Conjure Ball Lightning   Conj/Air       1%         3x3d6     100%        6
 Death Channel            Necr           1%         N/A       100%        6
 Dispersal                Tloc           1%         N/A       100%        6
 Eringya's Noxious Bog    Tmut/Pois      1%         4d6       100%        6
 Leda's Unmaking          Conj/Erth      9%         9d2       100%        6
 Plasma Beam              Fire/Air       1%         2x1d11    100%        6
 Simulacrum               Ice/Necr       1%         N/A       100%        6
 Starburst                Conj/Fire      1%         6d3       100%        6
 Summon Cactus Giant      Summ           1%         N/A       100%        6
 Haunt                    Necr/Summ      1%         N/A       100%        7
 Malign Gateway           Summ/Tloc      1%         N/A       100%        7
 Monstrous Menagerie      Summ           1%         N/A       100%        7
 Orb of Destruction       Conj           1%         9d5       100%        7
 Ozocubu's Refrigeration  Ice            1%         4d7       100%        7
 Spellforged Servitor     Conj/Summ      1%         N/A       100%        7
 Summon Hydra             Summ           1%         N/A       100%        7
 Borgnjor's Revivificati  Necr           1%         N/A       100%        8
 Infestation              Necr           1%         N/A       100%        8
 Lehudib's Crystal Spear  Conj/Erth      9%         10d4      100%        8
 Maxwell's Capacitive Co  Air            1%         ∞         100%        8
 Summon Horrible Things   Summ           1%         N/A       100%        8
 Dragon's Call            Summ           1%         N/A       100%        9
 Polar Vortex             Ice            1%         N/A       100%        9
 Shatter                  Erth           17%        3d16*     100%        9
 Cigotuvi's Dreadful Rot  Necr/Pois/Air  Unusable   N/A       N/A         2
 Sublimation of Blood     Necr           Unusable   N/A       N/A         2

Dungeon Overview and Level Annotations

Branches:
Dungeon (1/1)

Altars:
Ashenzari
Cheibriados
Dithmenos
Elyvilon
Fedhas
Gozag
Hepliaklqana
Kikubaaqudgha
Makhleb
Nemelex Xobeh
Okawaru
Qazlal
Ru
Sif Muna
Trog
Uskayaw
Vehumet
Wu Jian
Xom
Yredelemnul
Zin
The Shining One
Jiyva
Lugonu


Innate Abilities, Weirdness & Mutations

You are immune to sickness and miasma.
Your stone body is resilient. (AC +16)
You are immune to poison.
Your large and strong wings let you fly.
You resist negative energy. (rN+)
You are resistant to electric shocks. (rElec)
You are resistant to unholy torment.
You are immune to petrification.


Message History

Unknown command.
Unknown command.
You start waiting.
You start waiting.
Unknown command.
You start waiting.
Unknown command.
Unknown command.
You start waiting.
You start waiting.
Unknown command.
You start waiting.
Unknown command.
Unknown command.
You start waiting.
Unknown command.
You start waiting.
You start waiting.
Unknown command.
You start waiting.
Unknown command.
You start waiting.
Unknown command.
You start waiting.
Unknown command.
You start waiting.
Unknown command.
You start waiting.
Unknown command.
Unknown command.
You start waiting.
Unknown command.
You start waiting.
Unknown command.
You start waiting.
Unknown command.
You start waiting.
A glowing orange brain comes into view.
Visions of slaying the glowing orange brain flood into your mind.
You have escaped!

.†.†...†....▓..▓.......▓..▓...8©8
......†.....▓.▓▓▓.....▓▓▓.▓..)...
....†.†.....▓..▓.......▓..▓..).)|
............▓.≈....†......▓......
............▓≈.....©......▓..).)[
............▓▓▓▓▓▓▓▓▓▓▓▓▓▓▓....(.
▓......≈▓...▓8888888888888▓......
.▓.....▓.▓..▓8)..[.[)....8▓..▓...
▓.......▓...▓8)○@☼G[))©).8▓.▓....
............▓8...))[)....8▓....©.
....©.......▓8888888888888▓▓▓▓▓▓▓
▓▓▓▓▓▓▓▓▓▓▓▓▓▓▓▓▓▓▓▓▓▓▓▓▓▓▓▓▓▓▓▓▓
..:..8©8=..=|.[.▓=..|..|.8©8)....
..[[=)|.).....).▓.[..:)......[..|
.|....).....)...▓.=..|...".....(.
....=)|.........▓.|.............|
..)....)........▓.....=........).


You could see a glowing orange brain.

Vanquished Creatures
  A seraph (D)
  4 royal mummies (D)
  4 shard shrikes (D)
  2 golden dragons (D)
  2 bone dragons (D)
  A doom hound (D)
  A pearl dragon (D)
  10 pandemonium lords (D)
  6 Tzitzimimeh (D)
  3 Brimstone Fiends (D)
  4 Hell Sentinels (D)
  7 Ice Fiends (D)
  A tentacled monstrosity (D)
  3 tainted leviathans (D)
  9 liches (D)
  14 Orb Guardians (D)
  4 acid blobs (D)
  6 Executioners (D)
  A tentacled starspawn (D)
  A storm dragon (D)
  5 shadow dragons (D)
  5 daevas (D)
  A demonspawn warmonger (D)
  15 narguns (D)
  4 azure jellies (D)
  7 frost giants (D)
  A fire giant (D)
  5 rockslimes (D)
  7 balrugs (D)
  3 angels (D)
  8 ghouls (D)
  4 reapers (D)
  4 cacodemons (D)
  2 demonspawn corrupters (D)
  A demonspawn blood saint (D)
  7 spriggan defenders (D)
  3 ophanim (D)
  2 stone giants (D)
  5 green draconians (D)
  A putrid mouth (D)
  3 demonspawn black suns (D)
  6 lorocyprocas (D)
  4 black draconians (D)
  A yellow draconian (D)
  A purple draconian (D)
  A white draconian (D)
  4 dire elephants (D)
  16 wendigos (D)
  2 red draconians (D)
  A starcursed mass (D)
  2 green deaths (D)
  7 fire dragons (D)
  An eidolon (D)
  3 mummy priests (D)
  2 rakshasas (D)
  11 blizzard demons (D)
  A yaktaur captain (D)
  A great orb of eyes (D)
  2 salamander tyrants (D)
  8 ice dragons (D)
  5 vault guards (D)
  A hell beast (D)
  2 catoblepae (D)
  8 hydras (D)
  3 spriggan air magi (D)
  2 death yaks (D)
  A demonic crawler (D)
  A death scarab (D)
  A thrashing horror (D)
  6 hell hogs (D)
  A vampire mage (D)
  6 spriggan berserkers (D)
  8 sun demons (D)
  9 soul eaters (D)
  A deep elf knight (D)
  4 sixfirhies (D)
  A shadow wraith (D)
  A death drake (D)
  A cherub (D)
  A spriggan druid (D)
  A shadow demon (D)
  3 skeletal warriors (D)
  3 swamp dragons (D)
  A glowing orange brain (D)
  4 necromancers (D)
  2 orc knights (D)
  A deep elf pyromancer (D)
  4 shining eyes (D)
  A wolf spider (D)
  A worldbinder (D)
  3 moths of wrath (D)
  A rust devil (D)
  A cyclops (D)
  A toenail golem (D)
  An elephant (D)
  An apocalypse crab (D)
  5 smoke demons (D)
  2 eyes of devastation (D)
  7 orange demons (D)
  5 black mambas (D)
  5 cane toads (D)
  7 hellions (D)
  5 tormentors (D)
  2 yaktaurs (D)
  10 rime drakes (D)
  5 guardian mummies (D)
  6 freezing wraiths (D)
  5 komodo dragons (D)
  11 ice devils (D)
  6 red devils (D)
  6 polar bears (D)
  A hellwing (D)
  5 merfolk (D)
  2 blink frogs (D)
  A raiju (D)
  3 wind drakes (D)
  11 slime creatures (D)
  A jumping spider (D)
  2 ushabtiu (D)
  2 ynoxinuls (D)
  2 shadows (D)
  10 wyverns (D)
  6 yaks (D)
  2 steam dragons (D)
  A vampire (D)
  6 neqoxecs (D)
  A basilisk (D)
  3 chaos spawn (D)
  6 large abominations (D)
  2 redbacks (D)
  A golden eye (D)
  2 wargs (D)
  4 acid dragons (D)
  A floating eye (D)
  13 water moccasins (D)
  7 ice beasts (D)
  4 orc warriors (D)
  A black bear (D)
  2 swamp drakes (D)
  2 ogres (D)
  A wolf (D)
  A phantom (D)
  A bullfrog (D)
  An earth elemental (D)
  4 scorpions (D)
  3 wights (D)
  2 crimson imps (D)
  A quasit (D)
  4 orc priests (D)
  A jelly (D)
  2 orc wizards (D)
  4 small abominations (D)
  11 mummies (D)
  3 shadow imps (D)
  14 white imps (D)
  An ufetubus (D)
  4 adder skeletons (D)
  9 adder zombies (D)
  5 bat skeletons (D)
  4 bat zombies (D)
  A ball python simulacrum (D)
  3 ball python skeletons (D)
  7 ball python zombies (D)
  2 bat simulacra (D)
  2 giant cockroach simulacra (D)
  2 giant cockroach zombies (D)
  2 jackal skeletons (D)
  A quokka simulacrum (D)
  3 quokka skeletons (D)
  A quokka zombie (D)
634 creatures vanquished.

Vanquished Creatures (collateral kills)
  2 pandemonium lords (D)
  A shard shrike (D)
  A golden dragon (D)
  A Tzitzimitl (D)
  2 shadow dragons (D)
  A balrug (D)
  A fire dragon (D)
  A hydra (D)
  An ice dragon (D)
  A sixfirhy (D)
  A swamp dragon (D)
  A deep elf archer (D)
  5 draconians (D)
  A red devil (D)
  A hellwing (D)
  2 spriggans (D)
  A water elemental (D)
  An air elemental (D)
  An acid dragon (D)
  A large abomination (D)
  An ice beast (D)
  2 black bears (D)
  2 wolves (D)
  A phantom (D)
  A scorpion (D)
  An orc priest (D)
35 creatures vanquished.

Vanquished Creatures (others)
  2 balrugs (D)
  A blizzard demon (D)
  A green death (D)
  2 great orbs of eyes (D)
  3 hell beasts (D)
  4 sun demons (D)
  13 sixfirhies (D)
  A shadow demon (D)
  A glowing orange brain (D)
  5 smoke demons (D)
  4 orange demons (D)
  A hellion (D)
  A tormentor (D)
  An ice devil (D)
  2 red devils (D)
  2 hellwings (D)
  2 ynoxinuls (D)
  6 small abominations (D)
  2 golden eyes (D)
  7 chaos spawn (D)
  20 large abominations (D)
  5 neqoxecs (D)
  4 hell hounds (D)
  A shadow imp (D)
  An adder simulacrum (D)
  2 ball python simulacra (D)
94 creatures vanquished.

Grand Total: 763 creatures vanquished

Notes
Turn   | Place    | Note
-------+----------+-------------------------------------------
     0 | D        | HallandMoats the Gargoyle Monk began the quest for the Orb.
     0 | D        | Reached XP level 1. HP: 14/14 MP: 1/1
    22 | D        | Found a blossoming altar of Fedhas.
    22 | D        | Found the +6 Majin-Bo {spellvamp, MP+6 Int+6}
    22 | D        | Found the +27 heavy crossbow "Sniper" {heavy, Acc+∞ SInv}
    22 | D        | Found the +10 dark maul {heavy}
    22 | D        | Found the +15 Maxwell's patent armour {-Cast -Tele rElec
                  | Will+ rCorr}
    22 | D        | Found the +18 shield of the Gong {Loud rN+ Will+ rCorr
                  | EV-5}
    22 | D        | Found the +16 obsidian axe {drain, demonic, Mesm Drain Fly
                  | SInv}
    22 | D        | Found the +7 great mace "Firestarter" {flame, immolate,
                  | rFlCloud rF++}
    22 | D        | Found the +6 shillelagh "Devastator" {shatter}
    22 | D        | Found the +11 plutonium sword {Contam Stlth-}
    22 | D        | Found the +8 lance "Wyrmbane" {slay drac, rPois rF+ rC+
                  | AC+3}
    22 | D        | Found the +9 sword of Zonguldrok {reap}
    22 | D        | Found the +13 scythe of Curses {drain, curses, Drain}
    22 | D        | Found the +9 sword of Power {lifebolt}
    22 | D        | Found the +7 mace of Variability {chaos, chaos arc}
    22 | D        | Found the +11 Singing Sword {sonic wave}
    22 | D        | Found the +8 storm bow {elec, penet}
    23 | D        | Found a shimmering blue altar of Sif Muna.
    23 | D        | Found a sacrificial altar of Ru.
    23 | D        | Found a bloodstained altar of Trog.
    23 | D        | Found a stormy altar of Qazlal.
    23 | D        | Found an iron altar of Okawaru.
    23 | D        | Found a sparkling altar of Nemelex Xobeh.
    25 | D        | Found a transporter.
    25 | D        | Found an ancient bone altar of Kikubaaqudgha.
    25 | D        | Found a viscous altar of Jiyva.
    25 | D        | Found a corrupted altar of Lugonu.
    25 | D        | Found a hazy altar of Hepliaklqana.
    25 | D        | Found a burning altar of Makhleb.
    25 | D        | Found an opulent altar of Gozag.
    57 | D        | Became a worshipper of Qazlal Stormbringer
    57 | D        | Reached * piety under Qazlal
    57 | D        | Reached ** piety under Qazlal
    65 | D        | Reached XP level 2. HP: 19/19 MP: 1/7
   126 | D        | Entered arena 2.
   126 | D        | Found a transporter.
   136 | D        | Entered arena 3.
   136 | D        | Noticed a black bear
   136 | D        | Noticed a spriggan
   136 | D        | Noticed a black bear
   136 | D        | Found a transporter.
   137 | D        | Killed a black bear
   138 | D        | Reached XP level 3. HP: 23/24 MP: 9/9
   138 | D        | Reached XP level 4. HP: 29/30 MP: 10/10
   138 | D        | Killed a spriggan
   138 | D        | Reached *** piety under Qazlal
   139 | D        | Reached skill level 5 in Fighting
   139 | D        | Reached skill level 10 in Invocations
   139 | D        | Reached XP level 5. HP: 35/36 MP: 10/12
   139 | D        | Reached XP level 6. HP: 39/40 MP: 10/13
   139 | D        | Killed a black bear
   140 | D        | Reached skill level 5 in Axes
   145 | D        | Entered arena 4.
   145 | D        | Noticed a black bear
   145 | D        | Noticed a spriggan
   145 | D        | Found a transporter.
   148 | D        | Killed a spriggan
   149 | D        | Reached skill level 5 in Armour
   149 | D        | Reached skill level 5 in Dodging
   149 | D        | Reached skill level 5 in Shields
   149 | D        | Reached XP level 7. HP: 44/47 MP: 11/15
   149 | D        | Reached **** piety under Qazlal
   156 | D        | Got the ring of the Gloaming {Ice Will+}
   162 | D        | Entered arena 5.
   162 | D        | Found a transporter.
   166 | D        | Reached ***** piety under Qazlal
   167 | D        | Reached XP level 8. HP: 53/53 MP: 14/17
   170 | D        | Got the ring of Modesty {Wiz Str+3 Dex+2 Stlth-}
   174 | D        | Entered arena 6.
   174 | D        | Noticed a draconian
   174 | D        | Noticed a draconian
   174 | D        | Noticed a draconian
   174 | D        | Noticed a draconian
   174 | D        | Noticed a draconian
   174 | D        | Found a transporter.
   177 | D        | Killed a draconian
   179 | D        | Killed a draconian
   180 | D        | Reached XP level 9. HP: 57/60 MP: 16/18
   180 | D        | Killed a draconian
   182 | D        | Killed a draconian
   183 | D        | Killed a draconian
   193 | D        | Entered arena 7.
   194 | D        | Found a transporter.
   198 | D        | Reached ****** piety under Qazlal
   210 | D        | Entered arena 8.
   210 | D        | Noticed a deep elf archer
   210 | D        | Noticed a deep elf knight
   210 | D        | Noticed a deep elf pyromancer
   211 | D        | Found a transporter.
   214 | D        | Reached XP level 10. HP: 50/68 MP: 20/20
   214 | D        | Killed a deep elf pyromancer
   215 | D        | Reached skill level 10 in Fighting
   219 | D        | Reached skill level 15 in Invocations
   221 | D        | Killed a deep elf knight
   222 | D        | Reached skill level 10 in Armour
   234 | D        | Killed a deep elf archer
   249 | D        | Entered arena 9.
   250 | D        | Found a transporter.
   266 | D        | Entered arena 10.
   267 | D        | Found a transporter.
   270 | D        | Reached skill level 10 in Shields
   277 | D        | Reached XP level 11. HP: 53/74 MP: 14/23
   342 | D        | Entered arena 11.
   342 | D        | Found the +8 trishula "Condemnation" {holy, anguish, *Noise
                  | Fly rN+}
   342 | D        | Noticed a wolf spider
   343 | D        | Found a transporter.
   350 | D        | Killed a wolf spider
   360 | D        | Got the ring of the Doge {rPois rC- AC+4 Int+4 Dex+3}
   362 | D        | Got Mairay's Atlas of Transmuted Poison
   373 | D        | Entered arena 12.
   373 | D        | Noticed an eight-headed hydra
   375 | D        | Found a transporter.
   376 | D        | Killed an eight-headed hydra
   377 | D        | Reached skill level 10 in Axes
   394 | D        | Entered arena 13.
   394 | D        | Noticed a yaktaur captain
   394 | D        | Noticed a lich
   394 | D        | Noticed a stone giant
   394 | D        | Noticed a vault guard
   394 | D        | Noticed a lich
   394 | D        | Noticed a vault guard
   394 | D        | Noticed a vault guard
   395 | D        | Noticed a vault guard
   395 | D        | Identified the ring "Izel" {Contam rC+ Str+7 Int+3}
   395 | D        | Noticed a vault guard
   396 | D        | Killed a vault guard
   396 | D        | Killed a yaktaur captain
   396 | D        | Killed a vault guard
   396 | D        | Killed a vault guard
   396 | D        | Killed a lich
   396 | D        | Killed a vault guard
   396 | D        | Killed a lich
   397 | D        | Reached skill level 15 in Armour
   397 | D        | Reached skill level 10 in Dodging
   397 | D        | Reached XP level 12. HP: 84/84 MP: 10/25
   397 | D        | Found a transporter.
   401 | D        | Killed a stone giant
   405 | D        | Killed a vault guard
   423 | D        | Got the amulet "Wyxtie" {Spirit Int+3}
   472 | D        | Entered arena 14.
   472 | D        | Noticed a death scarab
   473 | D        | Noticed a royal mummy
   474 | D        | Noticed an emperor scorpion
   474 | D        | Noticed an emperor scorpion
   474 | D        | Identified the ring "Ickalas" {rElec AC+4}
   474 | D        | Noticed a mummy priest
   474 | D        | Identified the +0 longbow "Embalmer" {elec, rN+}
   474 | D        | Identified the +3 leather armour of the Trees {rElec rPois
                  | rC-}
   474 | D        | Noticed a royal mummy
   476 | D        | Noticed a death scarab
   476 | D        | Killed a mummy priest
   476 | D        | Killed a royal mummy
   479 | D        | Noticed a death scarab
   479 | D        | Noticed a death scarab
   480 | D        | Noticed a death scarab
   480 | D        | Noticed a death scarab
   480 | D        | Noticed a death scarab
   480 | D        | Noticed a death scarab
   480 | D        | Killed a royal mummy
   481 | D        | Reached XP level 13. HP: 71/91 MP: 16/27
   482 | D        | Found a transporter.
   502 | D        | Entered arena 15.
   503 | D        | Identified the +1 quarterstaff of Amortisation {drain, rN+
                  | MP+9}
   504 | D        | Noticed a stone giant
   505 | D        | Found a transporter.
   513 | D        | Killed a stone giant
   517 | D        | Reached skill level 15 in Fighting
   544 | D        | Upgraded the game from 0.31-a0-325-g067879e3d3 to
                  | 0.31-a0-331-geda263fcf1
   544 | D        | Entered arena 16.
   544 | D        | Noticed a pearl dragon
   544 | D        | Noticed an ophan
   544 | D        | Noticed an ophan
   545 | D        | Noticed a daeva
   545 | D        | Noticed an ophan
   545 | D        | Noticed a daeva
   545 | D        | Identified the +6 shortbow "Zairphiuj" {flame, Dex+3}
   545 | D        | Noticed an angel
   546 | D        | Killed a daeva
   546 | D        | Killed an ophan
   546 | D        | Killed an angel
   546 | D        | Killed a pearl dragon
   546 | D        | Killed an ophan
   546 | D        | Killed an ophan
   546 | D        | Killed a daeva
   548 | D        | Found a transporter.
   555 | D        | Got the +2 pair of boots of Gallantry {rCorr Int+2}
   602 | D        | Entered arena 17.
   604 | D        | Noticed a balrug
   604 | D        | Noticed a fire giant
   604 | D        | Noticed a balrug
   604 | D        | Noticed a balrug
   605 | D        | Noticed a balrug
   606 | D        | Killed a balrug
   606 | D        | Killed a fire giant
   606 | D        | Killed a balrug
   606 | D        | Killed a balrug
   606 | D        | Killed a balrug
   607 | D        | Reached skill level 15 in Shields
   607 | D        | Gained mutation: Your large and strong wings let you fly.
                  | [Gargoyle growth]
   607 | D        | Reached XP level 14. HP: 62/100 MP: 8/29
   609 | D        | Found a transporter.
   656 | D        | Got the amulet of Kabusan {Faith rPois}
   713 | D        | Entered arena 18.
   716 | D        | Noticed a royal mummy
   718 | D        | Noticed a royal mummy
   719 | D        | Found the necklace of Bloodlust {Fury *Rage Will++ Int-3
                  | Slay+6}
   721 | D        | Found a transporter.
   725 | D        | Noticed an emperor scorpion
   725 | D        | Noticed an emperor scorpion
   725 | D        | Noticed an emperor scorpion
   726 | D        | Killed a royal mummy
   727 | D        | Noticed an emperor scorpion
   727 | D        | Noticed an emperor scorpion
   730 | D        | Killed a royal mummy
  1030 | D        | Entered arena 19.
  1032 | D        | Noticed a starcursed mass
  1033 | D        | Killed a starcursed mass
  1034 | D        | Noticed a tentacled starspawn
  1036 | D        | Killed a tentacled starspawn
  1037 | D        | Reached skill level 15 in Axes
  1037 | D        | Found a transporter.
  1112 | D        | Entered arena 20.
  1115 | D        | Noticed an Orb Guardian
  1116 | D        | Noticed a green draconian
  1116 | D        | Noticed a yellow draconian
  1116 | D        | Noticed a shadow dragon
  1116 | D        | Noticed a shadow dragon
  1116 | D        | Noticed a green draconian
  1116 | D        | Noticed a black draconian
  1116 | D        | Noticed a purple draconian
  1117 | D        | Noticed a green draconian
  1117 | D        | Noticed a red draconian
  1117 | D        | Noticed a green draconian
  1117 | D        | Noticed an Orb Guardian
  1117 | D        | Noticed a black draconian
  1117 | D        | Noticed a black draconian
  1117 | D        | Identified the ring of the Modern God {rC+ SInv}
  1117 | D        | Noticed a red draconian
  1117 | D        | Identified the +11 glaive "Aghial" {freeze, rC+ MP+9}
  1117 | D        | Noticed a white draconian
  1117 | D        | Noticed a green draconian
  1117 | D        | Noticed a black draconian
  1118 | D        | Killed a yellow draconian
  1118 | D        | Killed a black draconian
  1118 | D        | Killed a black draconian
  1118 | D        | Killed a purple draconian
  1118 | D        | Killed a green draconian
  1118 | D        | Killed a black draconian
  1118 | D        | Killed a red draconian
  1118 | D        | Killed a green draconian
  1118 | D        | Killed a green draconian
  1118 | D        | Killed an Orb Guardian
  1118 | D        | Killed a shadow dragon
  1119 | D        | Reached XP level 15. HP: 102/109 MP: 20/31
  1119 | D        | Killed a shadow dragon
  1119 | D        | Killed an Orb Guardian
  1121 | D        | Found a transporter.
  1121 | D        | Noticed a storm dragon
  1135 | D        | Killed a storm dragon
  1152 | D        | Got the Almanac of the Seventy-Seven Demons
  1230 | D        | Entered arena 21.
  1233 | D        | Identified the +4 halberd of Tartarus {flame, rF- rN+
                  | Int+5}
  1234 | D        | Noticed a ghoul
  1234 | D        | Noticed a lich
  1234 | D        | Noticed a ghoul
  1234 | D        | Noticed a lich
  1235 | D        | Identified the ring "Giqul" {Contam rElec Will+ rCorr
                  | Stlth+}
  1235 | D        | Killed a lich
  1235 | D        | Killed a lich
  1235 | D        | Killed a ghoul
  1235 | D        | Killed a lich
  1235 | D        | Killed a lich
  1235 | D        | Killed a ghoul
  1239 | D        | Found a transporter.
  1243 | D        | Reached skill level 15 in Dodging
  1252 | D        | Got the Secrets of Flashy Frost
  1255 | D        | Got the ring of the Skies Above {EV+5 Dex+5}
  1283 | D        | Entered arena 22.
  1288 | D        | Found the +7 lajatang of Order {silver, rMut}
  1288 | D        | Found the +3 greatsling "Punk" {acid, rCorr}
  1290 | D        | Reached skill level 27 in Invocations
  1290 | D        | Reached XP level 16. HP: 113/119 MP: 15/33
  1291 | D        | Found a transporter.
  1296 | D        | Got the Omnibus of Arcane Weapons
  1312 | D        | Got the Meditations on the Flaming Congregation
  1324 | D        | Got the ring "Itoh" {rC++ Str+4 Int+6 Dex-4}
  1372 | D        | Entered arena 23.
  1376 | D        | Noticed an acid blob
  1377 | D        | Noticed an acid blob
  1377 | D        | Noticed a rockslime
  1377 | D        | Noticed an acid blob
  1377 | D        | Noticed an acid blob
  1378 | D        | Noticed an azure jelly
  1378 | D        | Noticed an azure jelly
  1378 | D        | Noticed a rockslime
  1379 | D        | Noticed a rockslime
  1379 | D        | Killed a rockslime
  1379 | D        | Killed an acid blob
  1379 | D        | Killed an acid blob
  1379 | D        | Killed a rockslime
  1379 | D        | Killed an acid blob
  1379 | D        | Killed an azure jelly
  1379 | D        | Killed an acid blob
  1379 | D        | Killed an azure jelly
  1379 | D        | Noticed a rockslime
  1381 | D        | Noticed a rockslime
  1381 | D        | Killed a rockslime
  1381 | D        | Killed a rockslime
  1381 | D        | Killed a rockslime
  1381 | D        | Killed an azure jelly
  1382 | D        | Found the +3 crown of Dyrovepreva {rElec Int+2 SInv}
  1383 | D        | Found a transporter.
  1402 | D        | Got the Commentary on Petrous Bombardment
  1404 | D        | Got the ring of Cowardice {Drain rElec rF++ Int+3 Dex+6}
  1425 | D        | Got the Anthology of Charged Abominable Rituals
  1457 | D        | Entered arena 24.
  1468 | D        | Found a transporter.
  1487 | D        | Got the ring of the Voivode {Drain rElec rPois rC+ Dex+3}
  1503 | D        | Got the ring "Beibeiv" {rF- AC+4 Str+5 Dex+3}
  1503 | D        | Got the Atlas of Abhorrent Spells and Portals
  1517 | D        | Got the Volume of Infected Wildfire
  1559 | D        | Entered arena 25.
  1566 | D        | Noticed a shadow dragon
  1566 | D        | Noticed a shadow dragon
  1566 | D        | Noticed a golden dragon
  1566 | D        | Found the +5 demon whip "Spellbinder" {antimagic, disrupt,
                  | Will+}
  1567 | D        | Noticed a golden dragon
  1567 | D        | Killed a golden dragon
  1568 | D        | Reached skill level 5 in Shapeshifting
  1568 | D        | Reached XP level 17. HP: 131/131 MP: 25/34
  1568 | D        | Noticed a golden dragon
  1569 | D        | Killed a golden dragon
  1571 | D        | Found the +8 frozen axe "Frostbite" {freeze, freezing
                  | cloud, *Noise Fly rC+}
  1571 | D        | Killed a golden dragon
  1572 | D        | Found a transporter.
  1590 | D        | Got Cumamer's Textbook on Stony Breath
  1612 | D        | Got the ring of Puddyeri {Drain rElec rPois Will+}
  1625 | D        | Got the Spellbook of Cooperative Composition
  1630 | D        | Got The Hermetic Arts, Part Five
  1653 | D        | Got the ring of Nalluav {rF+ rC++ rN+ Int+6}
  1671 | D        | Entered arena 26.
  1679 | D        | Noticed an Ice Fiend
  1679 | D        | Noticed a shard shrike
  1680 | D        | Noticed a shard shrike
  1680 | D        | Noticed a shard shrike
  1680 | D        | Found the +7 Kryia's mail coat {PotionHeal*2 rC+}
  1680 | D        | Noticed a shard shrike
  1681 | D        | Noticed an Ice Fiend
  1682 | D        | Killed a shard shrike
  1682 | D        | Killed a shard shrike
  1682 | D        | Killed an Ice Fiend
  1682 | D        | Killed a shard shrike
  1682 | D        | Killed a shard shrike
  1682 | D        | Killed an Ice Fiend
  1683 | D        | Reached XP level 18. HP: 127/141 MP: 23/35
  1683 | D        | Noticed an Ice Fiend
  1684 | D        | Reached skill level 27 in Shields
  1684 | D        | Killed an Ice Fiend
  1685 | D        | Noticed a shard shrike
  1686 | D        | Found a transporter.
  1701 | D        | Killed a shard shrike
  1718 | D        | Got the scarf "Jymam" {shadows, Will+ SInv}
  1739 | D        | Got Sif Muna's Discursus on Forceful Attendants
  1742 | D        | Got the ring of Abstinence {rPois AC+4}
  1833 | D        | Entered arena 27.
  1841 | D        | Noticed a Tzitzimitl
  1841 | D        | Noticed a Tzitzimitl
  1841 | D        | Noticed a tainted leviathan
  1842 | D        | Noticed a tainted leviathan
  1842 | D        | Noticed a Tzitzimitl
  1843 | D        | Killed a Tzitzimitl
  1843 | D        | Killed a Tzitzimitl
  1843 | D        | Killed a tainted leviathan
  1843 | D        | Killed a Tzitzimitl
  1843 | D        | Killed a doom hound
  1843 | D        | Killed a tainted leviathan
  1843 | D        | Found the ring of the Mage {Wiz Archmagi}
  1843 | D        | Noticed a Tzitzimitl
  1844 | D        | Reached skill level 27 in Armour
  1844 | D        | Noticed a bone dragon
  1846 | D        | Reached skill level 15 in Shapeshifting
  1846 | D        | Noticed a bone dragon
  1848 | D        | Killed a Tzitzimitl
  1848 | D        | Killed a bone dragon
  1848 | D        | Killed a bone dragon
  1849 | D        | Reached skill level 27 in Fighting
  1850 | D        | Found a transporter.
  1851 | D        | Noticed a tainted leviathan
  1861 | D        | Killed a tainted leviathan
  1876 | D        | Got the Tome of Misery and Transportation
  1950 | D        | Entered arena 28.
  1957 | D        | Noticed an Ice Fiend
  1960 | D        | Killed an Ice Fiend
  1961 | D        | Reached XP level 19. HP: 118/151 MP: 20/36
  1961 | D        | Noticed an Ice Fiend
  1962 | D        | Identified the ring "Uptebb" {rCorr Int+3 Slay+3}
  1962 | D        | Identified the ring of Cayrghall {rElec MP+9 Str+6 Slay+2}
  1963 | D        | Killed an Ice Fiend
  1974 | D        | Found a transporter.
  1976 | D        | Found the +8 autumn katana {manifold assault}
  1990 | D        | Got the Cyclopedia of Refrigeration
  2034 | D        | Got the Orb of Zot
  3215 | D        | Noticed a Tzitzimitl
  3229 | D        | Killed a Tzitzimitl
  3361 | D        | Noticed a Tzitzimitl
  3375 | D        | Killed a Tzitzimitl
  5014 | D        | Noticed Hock the pandemonium lord
  5052 | D        | Killed Hock the pandemonium lord
  5092 | D        | Noticed Ponicil the pandemonium lord
  5105 | D        | Killed Ponicil the pandemonium lord
  5748 | D        | Noticed Pymur the pandemonium lord
  5764 | D        | Killed Pymur the pandemonium lord
  7339 | D        | Noticed Oniachad the pandemonium lord
  7340 | D        | Noticed a Tzitzimitl
  7359 | D        | Killed Oniachad the pandemonium lord
  7360 | D        | Killed a Tzitzimitl
  7361 | D        | Reached XP level 20. HP: 101/157 MP: 25/37
  7468 | D        | Reached skill level 27 in Axes
  8213 | D        | Noticed Ikedysti the pandemonium lord
  8224 | D        | Killed Ikedysti the pandemonium lord
  8716 | D        | Noticed Fisuad the pandemonium lord
  8725 | D        | Killed Fisuad the pandemonium lord
  9025 | D        | Noticed a seraph
  9035 | D        | Killed a seraph
 10331 | D        | Noticed Yclais the pandemonium lord
 10343 | D        | Killed Yclais the pandemonium lord
 10649 | D        | Noticed Siogei the pandemonium lord
 10654 | D        | Killed Siogei the pandemonium lord
 10657 | D        | Reached skill level 27 in Dodging
 10920 | D        | Noticed Xaedin the pandemonium lord
 10928 | D        | Killed Xaedin the pandemonium lord
 11559 | D        | Noticed a Brimstone Fiend
 11561 | D        | Killed a Brimstone Fiend
 11775 | D        | Noticed Zecuty the pandemonium lord
 11787 | D        | Reached skill level 27 in Shapeshifting
 11791 | D        | Killed Zecuty the pandemonium lord
 11975 | D        | Noticed a Brimstone Fiend
 11982 | D        | Killed a Brimstone Fiend
 11983 | D        | Reached skill level 15 in Stealth
 12580 | D        | Noticed Atwaunyn the pandemonium lord
 12589 | D        | Killed Atwaunyn the pandemonium lord
 12590 | D        | Reached XP level 21. HP: 163/163 MP: 38/38
 12861 | D        | Noticed Feubuato the pandemonium lord
 12872 | D        | Killed Feubuato the pandemonium lord
 13809 | D        | Reached skill level 27 in Stealth
 13809 | D        | Reached skill level 1 in Unarmed Combat
 13809 | D        | Reached skill level 1 in Earth Magic
 13863 | D        | Reached skill level 1 in Spellcasting
 14024 | D        | Reached skill level 5 in Earth Magic
 14255 | D        | Reached skill level 5 in Unarmed Combat
 14613 | D        | Escaped with the Orb!

Illustrated notes

Levels and vault maps discovered:
D:        sprint_v [room_start, room_1, room_2, room_3, room_4, room_5, room_6,
          room_7, room_8, room_9, room_10, room_11, room_12, room_13, room_14,
          room_15, room_16, room_17, room_18, room_19, room_20, room_21,
          room_22, room_23, room_24, room_25, room_26, room_27]

Skill      XL: |  1  2  3  4  5  6  7  8  9 10 11 12 13 14 15 16 17 18 19 20 21 |
---------------+----------------------------------------------------------------+-----
Invocations    | 8 9 10 11 12 13 14 16 18 20 22 24 27 | 27.0
Fighting       | 4 5 6 7 8 9 11 13 14 16 18 20 23 25 27 | 27.0
Axes           | 3 4 5 6 7 8 9 11 12 14 15 17 19 21 24 26 27 | 27.0
Armour         | 2 4 5 6 7 9 11 15 16 18 19 21 24 26 27 | 27.0
Dodging        | 3 4 5 6 7 8 10 11 12 14 15 17 19 21 24 27 | 27.0
Shields        | 2 4 5 6 7 8 10 12 13 15 17 19 23 26 27 | 27.0
Shapeshifting  | 5 11 16 22 27 | 27.0
Stealth        | 22 27 | 27.0
Unarmed Combat | 6 |  6.1
Earth Magic    | 7 |  7.2
Spellcasting   | 3 |  3.7

Action                     |  1- 3 |  4- 6 |  7- 9 | 10-12 | 13-15 | 16-18 | 19-21 || total
---------------------------+-------+-------+-------+-------+-------+-------+-------++-------
  Melee: Broad axe         |     4 |     4 |    15 |    31 |    39 |    19 |   599 ||   711
 Invoke: Disaster Area     |       |       |       |     6 |    11 |    13 |     1 ||    31
         Elemental Force   |       |       |       |       |       |     1 |       ||     1
    Use: Potion            |     1 |       |       |     5 |     6 |     2 |       ||    14
   Stab: Distracted        |       |       |       |     1 |       |       |     6 ||     7
 Armour: Gold dragon scale |       |     5 |     7 |    21 |    30 |     6 |   102 ||   171
  Dodge: Dodged            |       |       |       |     3 |     4 |     2 |    71 ||    80
         Repelled          |       |       |       |       |       |     1 |     5 ||     6
  Block: Kite shield       |     8 |    10 |    28 |    86 |    91 |    29 |   616 ||   868

Table legend: (Time is in decaauts) A = Elapsed time spent in this place. B = Non-inter-level travel time spent in this place. C = Inter-level travel time spent in this place. D = Time resting spent in this place. E = Time spent auto-exploring this place. F = Levels seen in this place. G = Mean time per level. A B C D E F G +--------+--------+--------+--------+--------+-----+--------+ Total | 14681 | 14681 | 0 | 12301 | 0 | 1 | 14681.0 | Dungeon | 14681 | 14681 | 0 | 12301 | 0 | 1 | 14681.0 | +--------+--------+--------+--------+--------+-----+--------+

Top non-repeatable levels by time:
       D: 14681 daAuts
